 Dungeon Crawl Stone Soup version 0.19.5 (webtiles) character file.

4298 miragecloak the Martial Artist (level 10, -6/73 (74) HPs)
             Began as an Octopode Transmuter on May 4, 2017.
             Was a Follower of Ashenzari.
             Mangled by Atash's ghost (26 damage)
             ... on level 8 of the Dungeon.
             The game lasted 00:12:30 (6862 turns).

miragecloak the Martial Artist (OpTm)               Turns: 6862, Time: 00:12:31

HP:   -6/73 (74)    AC:  3    Str:  9 (10) XL:     10   Next: 32%
MP:   21/23         EV: 21    Int: 13 (15) God:    Ashenzari [*.....]
Gold: 314           SH:  0    Dex: 20 (21) Spells: 2 memorised, 10 levels left

rFire  . . .     SeeInvis +       - Unarmed
rCold  . . .     Gourm    .     (shield currently unavailable)
rNeg   . . .     Faith    .     (helmet currently unavailable)
rPois  x         Spirit   .     (no amulet)
rElec  .         Reflect  .     m - ring of see invisible (curse)
rCorr  +         Harm     .     n - ring of magical power
MR     .....                    y - +1 ring of protection
Stlth  ++........               x - +1 ring of evasion
                                B - ring of resist corrosion (curse)
                                (no ring)
                                (no ring)
                                (no ring)

@: spider-form
A: almost no armour, stealthy swim, (amphibious), 8 rings, (constrict 8),
(camouflage 0), blurry vision 1, deterioration 1, regeneration 1, (gelatinous
body 0)
a: End Transformation, Curse Item, Scrying, Renounce Religion


You were on level 8 of the Dungeon.
You worshipped Ashenzari.
Ashenzari was aware of your devotion.
You were not hungry.
You were a venomous arachnid creature.
You visited 2 branches of the dungeon, and saw 9 of its levels.

You collected 424 gold pieces.
You spent 110 gold pieces at shops.

Inventory:

Missiles
 a - 167 arrows
Jewellery
 m - a cursed ring of see invisible (left front leg)
 n - a ring of magical power (right front leg)
 x - a +1 ring of evasion (on tentacle)
 y - a +1 ring of protection (on tentacle)
 B - a cursed ring of resist corrosion (on tentacle)
Wands
 t - a wand of flame (7/48)
 G - a wand of acid (3/15)
Scrolls
 d - 4 scrolls of amnesia {unknown}
 e - 3 scrolls of noise {unknown}
 f - 5 scrolls of identify
 g - 4 scrolls of recharging {unknown}
 j - 3 scrolls of enchant armour {unknown}
 r - 3 scrolls of teleportation {unknown}
 u - 4 scrolls of blinking {unknown}
 w - 2 scrolls of enchant weapon {unknown}
 A - 2 scrolls of fear {unknown}
 D - a scroll of random uselessness {unknown}
 H - 4 scrolls of remove curse
Potions
 h - 3 potions of degeneration {unknown}
 i - 4 potions of curing {unknown}
 k - 5 potions of heal wounds {unknown}
 o - 3 potions of might {unknown}
 p - a potion of lignification {unknown}
 q - 2 potions of invisibility {unknown}
 v - a potion of brilliance {unknown}
 C - 2 potions of haste {unknown}
 E - a potion of beneficial mutation {unknown}
Books
 b - a book of Changes

   Spells                             Type                      Level
   a - Beastly Appendage              Transmutation                1
   b - Sticks to Snakes               Transmutation                2
   c - Spider Form                    Transmutation/Poison         3
   d - Ice Form                       Ice/Transmutation            4
   e - Blade Hands                    Transmutation                5
Comestibles
 c - 4 bread rations
 l - 6 meat rations
 s - a royal jelly
 z - 2 beef jerkies
 F - 2 chunks of flesh


   Skills:
 - Level 9.1 Fighting
 - Level 2.0 Dodging
 + Level 10.4 Unarmed Combat
 - Level 2.9 Spellcasting
 - Level 4.8 Transmutations
 - Level 3.2 Poison Magic


You had 10 spell levels left.
You knew the following spells:

 Your Spells              Type           Power        Failure   Level  Hunger
a - Beastly Appendage     Tmut           ##....       12%         1    #......
b - Spider Form           Tmut/Pois      ##........   32%         3    ###....


Dungeon Overview and Level Annotations

Branches:
Dungeon (8/15)             Temple (1/1) D:4
   Lair: D:8-11

Altars:
Ashenzari
Dithmenos
Elyvilon
Gozag
Hepliaklqana
Nemelex Xobeh
Qazlal
Ru
Sif Muna
Vehumet
Yredelemnul
The Shining One
Jiyva

Shops:
D:7 ?

Annotations:
D:6 1 runed door
D:8 Atash's ghost, novice MiBe


Innate Abilities, Weirdness & Mutations

You cannot wear most types of armour.
You are very stealthy in the water. (Stealth+)
((You are amphibious.))
You can wear up to eight rings at the same time.
((You can use your tentacles to constrict eight enemies at once.))
((Your skin changes colour to match your surroundings (Stealth+).))
((Your rubbery body absorbs attacks. (AC +1, EV +1)))
Scrolls take you a little longer to read.
Your body sometimes deteriorates upon taking damage.
Your natural rate of healing is unusually fast.


Message History

Level annotation: Atash's ghost, novice MiBe Atash's ghost closely misses you.
Atash's ghost misses you.
There is a stone staircase leading up here.
You hit Atash's ghost but do no damage. Atash's ghost hits you!!
You hit Atash's ghost.
Atash's ghost is lightly damaged.
You bite Atash's ghost!
Atash's ghost is lightly damaged.
Atash's ghost hits you.
You hit Atash's ghost but do no damage.
Atash's ghost is lightly damaged.
Atash's ghost hits you!!
Your body deteriorates!
You feel weakened.
You hit Atash's ghost but do no damage.
Atash's ghost is lightly damaged.
Atash's ghost hits you!
* * * LOW HITPOINT WARNING * * *
You are too injured to fight recklessly!
Atash's ghost hits you!!
You die...

###.........##.......# #.# #
#.........##.......# #.# #
#....[....##.......# #.###
#.......#.##...)...########.#..
#.......#.###'#'#...........#.#
#.......#.....).#..##########.#
#......(##.##.#.#..# #.#
####...###...[#W#..##########.#
##### ##.[#s.#..[..........#
#..##.##.############
#..##.##.# ###### ##.##.##.#
#....# #.##.##.#
#....######.##.##.#
#....'......##)##.#
#....######..#.##.# ####.#
##.#.#


You could see Atash's ghost.

Vanquished Creatures
  Joseph (D:8)
  The ghost of emiel the Digger, an amateur FoEE (D:7)
  Sigmund (D:5)
  A hippogriff (D:7)
  Eustachio (D:6)
  3 orc warriors
  A necrophage (D:6)
  3 phantoms
  6 ogres
  4 centaurs
  The ghost of Zhenya24pyc the Cudgeler, an amateur GrFi (D:3)
  3 bullfrogs (D:6)
  A gnoll sergeant (D:8)
  A scorpion (D:6)
  8 wights
  A crimson imp (D:7)
  2 howler monkeys (D:8)
  2 bullfrog zombies
  A quasit (D:8)
  6 hounds
  3 orc priests (D:7)
  A bullfrog skeleton (D:6)
  8 orc wizards
  2 worker ants
  A hound zombie (D:5)
  3 hound skeletons
  A howler monkey zombie (D:4)
  A worker ant zombie (D:4)
  8 gnolls
  10 adders
  A shadow imp (D:8)
  3 oozes
  An adder zombie (D:6)
  2 dart slugs
  5 leopard geckos
  28 orcs
  3 giant cockroaches
  9 goblins
  4 hobgoblins
  2 jackals (D:4)
  5 kobolds
  4 quokkas
  A ball python (D:1)
  10 bats
  4 frilled lizards
  A giant cockroach zombie (D:6)
  A jackal zombie (D:4)
  A leopard gecko skeleton (D:4)
  2 quokka skeletons (D:4)
  7 rats
180 creatures vanquished.

Notes
Turn   | Place    | Note
-------+----------+-------------------------------------------
     0 | D:1      | miragecloak the Octopode Transmuter began the quest for the Orb.
     0 | D:1      | Reached XP level 1. HP: 13/13 MP: 3/3
    95 | D:1      | Reached XP level 2. HP: 3/18 MP: 1/5
   507 | D:1      | Reached XP level 3. HP: 23/23 MP: 4/6
   733 | D:2      | Gained mutation: Your body sometimes deteriorates upon taking damage. [potion of mutation]
   733 | D:2      | Gained mutation: Your natural rate of healing is unusually fast. [potion of mutation]
   733 | D:2      | Gained mutation: Scrolls take you a little longer to read. [potion of mutation]
   918 | D:2      | Learned a level 3 spell: Spider Form
   938 | D:2      | Found a faded altar of an unknown god.
  1113 | D:2      | Reached skill level 1 in Poison Magic
  1113 | D:2      | Reached XP level 4. HP: 28/28 MP: 1/7
  1517 | D:3      | Noticed Zhenya24pyc's ghost (amateur GrFi)
  1618 | D:4      | Noticed an ogre
  1625 | D:4      | Killed an ogre
  1625 | D:4      | Reached skill level 4 in Unarmed Combat
  1625 | D:4      | Reached XP level 5. HP: 33/33 MP: 8/8
  1857 | D:4      | Found a staircase to the Ecumenical Temple.
  1899 | D:4      | Reached XP level 6. HP: 38/38 MP: 9/9
  1917 | D:4      | Reached skill level 5 in Unarmed Combat
  2031 | Temple   | Entered the Ecumenical Temple
  2097 | Temple   | Became a worshipper of Ashenzari the Shackled
  2415 | D:5      | Entered Level 5 of the Dungeon
  2466 | D:5      | Reached skill level 6 in Unarmed Combat
  2466 | D:5      | Reached XP level 7. HP: 43/43 MP: 10/10
  2490 | D:5      | Found a white marble altar of Elyvilon.
  2566 | D:5      | Reached skill level 7 in Unarmed Combat
  2753 | D:5      | Noticed Sigmund
  2762 | D:5      | Killed Sigmund
  2762 | D:5      | Reached skill level 8 in Unarmed Combat
  2762 | D:5      | Reached XP level 8. HP: 48/48 MP: 11/11
  2953 | D:6      | Noticed Eustachio
  3147 | D:3      | Reached * piety under Ashenzari
  3236 | D:3      | Killed Zhenya24pyc's ghost
  3574 | D:6      | Killed Eustachio
  3574 | D:6      | Reached skill level 9 in Unarmed Combat
  4217 | D:6      | Found a runed door.
  4291 | D:6      | Reached skill level 10 in Unarmed Combat
  4432 | D:6      | Reached XP level 9. HP: 46/57 MP: 12/12
  4502 | D:6      | Found an opulent altar of Gozag.
  4502 | D:6      | Found a sacrificial altar of Ru.
  4509 | D:6      | Found a stormy altar of Qazlal.
  4525 | D:6      | Found a glowing golden altar of the Shining One.
  4527 | D:6      | Found a deep blue altar of Sif Muna.
  4772 | D:6      | Reached skill level 5 in Fighting
  5501 | D:8      | Noticed Atash's ghost (novice MiBe)
  5627 | D:7      | Found a hazy altar of Hepliaklqana.
  5774 | D:7      | Noticed emiel's ghost (amateur FoEE)
  5781 | D:7      | Killed emiel's ghost
  5946 | D:7      | Reached XP level 10. HP: 64/72 MP: 13/13
  6163 | D:7      | Found Jeor's Magic Scroll Emporium.
  6173 | D:7      | Bought a scroll of remove curse for 30 gold pieces
  6173 | D:7      | Bought a scroll of remove curse for 30 gold pieces
  6173 | D:7      | Bought a scroll of identify for 20 gold pieces
  6173 | D:7      | Bought a scroll of remove curse for 30 gold pieces
  6339 | D:8      | Noticed Joseph
  6348 | D:8      | Killed Joseph
  6862 | D:8      | Mangled by Atash's ghost

Skill      XL: |  1  2  3  4  5  6  7  8  9 10 |
---------------+-------------------------------+-----
Transmutations | 3 4 |  4.8
Poison Magic   | 1 3 |  3.2
Unarmed Combat | 4 6 8 10 | 10.4
Fighting       | 3 8 9 |  9.1
Dodging        | |  2.0
Spellcasting   | |  2.9

Action                   |  1- 3 |  4- 6 |  7- 9 | 10-12 || total
-------------------------+-------+-------+-------+-------++-------
Melee: Unarmed           |    80 |   150 |   283 |   110 ||   623
       Constrict         |    18 |     6 |     5 |     2 ||    31
       Kick              |    12 |       |       |       ||    12
       Tentacles         |     9 |     4 |     3 |     2 ||    18
       Punch             |       |     1 |       |       ||     1
 Cast: Beastly Appendage |    20 |     2 |       |       ||    22
       Spider Form       |     3 |    18 |    42 |    15 ||    78
Invok: Curse Item        |       |     1 |       |     1 ||     2
  Use: Potion            |     1 |       |       |       ||     1
 Stab: Sleeping          |     3 |     2 |     1 |       ||     6
  Eat: Chunk             |     2 |     2 |    17 |     5 ||    26
       Bread ration      |       |     1 |       |       ||     1
Armor: Skin              |     2 |     7 |    15 |     7 ||    31
Dodge: Dodged            |    42 |   133 |   216 |   117 ||   508
